 Dungeon Crawl Stone Soup version 0.24.0-10-g970556be89 (webtiles) character file.

Game seed: 15392405378504606400, levelgen mode: deterministic

112 wullow the Poker (level 4, -2/32 HPs)
             Began as a Demonspawn Wanderer on Nov 3, 2019.
             Slain by an ogre
             ... wielding a +0 giant spiked club
              (15 damage)
             ... on level 2 of the Dungeon.
             The game lasted 00:05:52 (2006 turns).

wullow the Poker (Demonspawn Wanderer)              Turns: 2006, Time: 00:05:53

Health: -2/32      AC:  2    Str: 15    XL:     4   Next: 64%
Magic:  0/5        EV: 11    Int:  9    God:
Gold:   140        SH:  4    Dex: 15    Spells: 5/5 levels left

rFire    . . .     SeeInvis .   b - +4 dagger (venom)
rCold    . . .     Gourm    .   (no shield)
rNeg     . . .     Faith    .   d - +0 robe
rPois    .         Spirit   +   (no helmet)
rElec    .         Reflect  .   (no cloak)
rCorr    .         Harm     .   (no gloves)
MR       .....                  (no boots)
Stlth    ++........             (no amulet)
HPRegen  0.10/turn              (no ring)
MPRegen  0.09/turn              (no ring)

@: no status effects
A: hooves 1, large bone plates 1, magic shield
a: no special abilities


You were on level 2 of the Dungeon.
You were hungry.

You visited 1 branch of the dungeon, and saw 2 of its levels.

You collected 140 gold pieces.

Inventory:

Hand Weapons
 a - a +2 spear
 b - a +4 dagger of venom (weapon)
 p - a +0 hunting sling
Missiles
 e - 33 arrows
 h - 14 sling bullets
 k - 64 stones (quivered)
Armour
 d - a +0 robe (worn)
 m - a +0 ring mail
Jewellery
 l - a +5 ring of protection {unknown}
Scrolls
 c - 7 scrolls of teleportation
 i - a scroll of identify {unknown}
 j - a scroll of amnesia {unknown}
 o - 2 scrolls of remove curse {unknown}
Potions
 g - a potion of agility {unknown}
 n - a potion of haste {unknown}
Comestibles
 f - 2 rations


   Skills:
 + Level 1.5 Fighting
 * Level 0.1 Short Blades
 - Level 4.5 Polearms
 + Level 0.4 Dodging
 - Level 1.0 Stealth
   Level 1.0 Shields
 * Level 1.0 Spellcasting
   Level 1.0 Charms
   Level 1.7 Ice Magic
   Level 1.0 Evocations


You had 5 spell levels left.
You didn't know any spells.
Your spell library contained the following spells:

 Spells                   Type           Power        Failure   Level  Hunger
 Magic Dart               Conj           #...         36%         1    ##.....
 Blink                    Tloc           N/A          50%         2    ###....
 Call Imp                 Summ           #.......     50%         2    ###....
 Slow                     Hex            #.......     50%         2    ###....
 Conjure Flame            Conj/Fire      #.......     73%         3    ####...
 Mephitic Cloud           Conj/Pois/Air  #.......     73%         3    ####...


Dungeon Overview and Level Annotations

Branches:
Dungeon (2/15)

Altars:
Kikubaaqudgha
Nemelex Xobeh
Xom


Innate Abilities, Weirdness & Mutations

You have large cloven feet.
You are partially covered in large bone plates. (SH +4)
When hurt, damage is shared between your health and your magic reserves.


Message History

The ogre completely misses you.
You closely miss the ogre. You kick the ogre.
The ogre is lightly wounded.
You block the ogre's attack.
You hit the ogre. Your kick misses the ogre.
The ogre is lightly wounded.
You hit the ogre.
The ogre is poisoned.
Your kick misses the ogre.
The ogre is moderately wounded.
The ogre hits you with a +0 giant spiked club!!
Ouch! That really hurt!
Unknown command.
You are feeling hungry.
You see here a +0 club.
There is a stone staircase leading up here.
The ogre looks more healthy.
The ogre misses you.
You hit the ogre.
The ogre is poisoned.
The ogre is almost dead.
The ogre hits you with a +0 giant spiked club!
You die...

#.#.#####.######..# ##.#
..................# #..#
.....####.######.## #.##
..........# #.# #.# .....######
#.# #.# .....# #)# #.# ##.###
#<# #.# ##.# #O# #.# ##.# #@#
#.# ...# #.#########.# ####
#...........# .# ##########..#
.# #..# .# ################..#
.## ##.#.#.#.#.#.#.##..#
..#######.#...#...#...#.#..#
#.)......#.#.#.#.#.#.#.##..####


You could see an ogre.

Vanquished Creatures
  An orc wizard (D:2)
  An adder (D:2)
  An ooze (D:2)
  2 worms (D:2)
  2 leopard geckos (D:1)
  3 orcs (D:2)
  5 giant cockroaches
  10 hobgoblins
  5 kobolds
  A quokka (D:2)
  2 ball pythons
  7 bats
  A frilled lizard (D:2)
  8 goblins
  9 rats
58 creatures vanquished.

Notes
Turn   | Place    | Note
-------+----------+-------------------------------------------
     0 | D:1      | wullow the Demonspawn Wanderer began the quest for the Orb.
     0 | D:1      | wullow set off with the following items: a +2 spear, a
                  | potion of curing, a scroll of teleportation, a +0 robe, a
                  | ration
     0 | D:1      | Reached XP level 1. HP: 15/15 MP: 1/1
    36 | D:1      | Reached skill level 3 in Polearms
    95 | D:1      | Gained mutation: You are partially covered in large bone
                  | plates. (SH +4) [demonic ancestry]
    95 | D:1      | Reached XP level 2. HP: 17/21 MP: 2/2
   566 | D:1      | Gained mutation: You have large cloven feet. [demonic
                  | ancestry]
   566 | D:1      | Reached XP level 3. HP: 26/26 MP: 3/3
   863 | D:2      | Found a shimmering altar of Xom.
   864 | D:2      | Found a sparkling altar of Nemelex Xobeh.
   864 | D:2      | Found an ancient bone altar of Kikubaaqudgha.
   864 | D:2      | Noticed an ogre
   940 | D:2      | Reached skill level 4 in Polearms
  1196 | D:2      | Gained mutation: When hurt, damage is shared between your
                  | health and your magic reserves. [demonic ancestry]
  1196 | D:2      | Reached XP level 4. HP: 26/32 MP: 4/4
  1239 | D:2      | Reached skill level 1 in Spellcasting
  2006 | D:2      | Slain by an ogre

Levels and vault maps discovered:
D:1:      mrwooster_arrival_statue_3, layout_loops_ring, minmay_misc_feat_rows,
          hangedman_decor_lopped, chequers_arboretum, minmay_misc_feat_plants
D:2:      layout_loops_ring, chequers_temple_overflow_statue_of_worship,
          kennysheep_crisscross, minmay_splitting_lines

Skill      XL: |  1  2  3  4 |
---------------+-------------+-----
Polearms       | 3 4 |  4.5
Spellcasting   | 1 |  1.0
Fighting       | |  1.5
Short Blades   | |  0.1
Dodging        | |  0.4
Stealth        | |  1.0
Shields        | |  1.0
Charms         | |  1.0
Ice Magic      | |  1.7
Evocations     | |  1.0

Action                   |  1- 3 |  4- 6 || total
-------------------------+-------+-------++-------
Melee: Spear             |   112 |    24 ||   136
       Kick              |     7 |     8 ||    15
       Dagger            |       |    20 ||    20
Throw: Stone             |     2 |     4 ||     6
  Use: Potion            |       |     3 ||     3
 Stab: Sleeping          |     5 |       ||     5
  Eat: Chunk             |     1 |     2 ||     3
Armor: Robe              |     6 |     2 ||     8
       Skin              |       |     3 ||     3
Dodge: Dodged            |    25 |    16 ||    41
Block: Other             |     5 |     4 ||     9
